Map: Gresvan LE

Players

NoobToss

  • Race: Terran Terran
  • League: Platinum
  • Spawn Location: 11:00

whosthatgirl - Winner!

  • Race: Protoss Protoss
  • League: Diamond
  • Spawn Location: 5:00

VOD

Have the link to the VOD?

Description

Time

  • Played on: March 19, 2023, 12:42 p.m.
  • Length: 7:29
Show
View Real Time Build Order
Export as new Build Order

NoobToss Terran 

Build Orders: 2 Factory, Reaper Expand 

Get SALT Encoding   

  12  0:00  SCV  
  13  0:12  SCV  
  14  0:17  Supply Depot  
  14  0:25  SCV  
  15  0:39  SCV  
  16  0:44  Barracks  
  16  0:50  Refinery  
  16  0:51  SCV  
  17  1:03  SCV  
  18  1:15  SCV  
  19  1:31  Orbital Command  
  19  1:34  Reaper  
  20  1:45  Command Center  
  20  1:59  SCV  
  21  2:05  Supply Depot  
  21  2:16  SCV  
  21  2:19  Barracks Tech Lab  
  21  2:20  Factory  
  22  2:26  Refinery  
  22  2:28  SCV  
  23  2:40  SCV  
  24  2:52  SCV  
  25  2:59  Orbital Command  
  25  3:04  SCV  
  26  3:06  Factory  
  26  3:16  SCV  
  26  3:19  Siege Tank  
  30  3:24  Supply Depot  
  30  3:28  SCV  
  30  3:31  SCV  
  32  3:40  SCV  
  33  3:43  SCV  
  34  3:53  SCV  
  33  3:56  SCV  
  33  3:58  Siege Tank  
  36  4:05  SCV  
  36  4:07  Factory Tech Lab  
  36  4:08  SCV  
  36  4:17  SCV  
  36  4:20  SCV  
  38  4:29  SCV  
  39  4:32  SCV  
  39  4:35  Siege Tank  
  43  4:41  SCV  
  43  4:44  SCV  
  45  4:53  SCV  
  45  4:56  SCV, Siege Tank  
  50  5:05  SCV  
  51  5:08  SCV  
  52  5:17  SCV  
  52  5:19  Supply Depot  
  52  5:20  SCV  
  54  5:41  SCV x2, Siege Tank x2  
  62  5:42  Supply Depot  
  62  5:52  Refinery  
  62  5:54  Refinery  
  62  5:57  Command Center  
  62  6:04  SCV x2  
  64  6:12  Engineering Bay  
  64  6:13  Armory, Siege Tank  
  64  6:16  SCV x2  
  58  6:28  SCV x2  
  50  6:34  Siege Tank  
  46  6:40  SCV x2  
  47  6:52  SCV x2  
  35  7:05  SCV  
  32  7:10  SCV  
  30  7:17  SCV  
Show
View Real Time Build Order
Export as new Build Order

whosthatgirl Protoss - Winner!

Build Orders: 1 Gate Expand 

Get SALT Encoding   

  12  0:00  Probe  
  13  0:13  Pylon  
  13  0:17  Probe (Chrono Boost)  
  14  0:27  Probe (Chrono Boost)  
  15  0:32  Probe (Chrono Boost)  
  16  0:37  Gateway  
  16  0:44  Assimilator  
  16  0:48  Probe  
  17  1:00  Probe  
  18  1:19  Nexus  
  18  1:28  Cybernetics Core  
  18  1:31  Probe  
  19  1:43  Probe  
  20  1:53  Pylon  
  20  1:55  Probe  
  20  1:57  Warp Gate (Chrono Boost)  
  21  2:05  Adept  
  23  2:09  Gateway  
  23  2:11  Probe  
  24  2:24  Gateway, Probe  
  25  2:31  Probe  
  25  2:36  Pylon, Probe  
  27  2:42  Stalker  
  29  2:45  Probe  
  30  2:55  Probe  
  30  2:57  Probe  
  32  3:01  Assimilator  
  32  3:10  Probe x2  
  34  3:22  Probe x2  
  34  3:25  Adept x3  
  42  3:32  Twilight Council  
  42  3:38  Shield Battery  
  42  3:40  Shield Battery  
  42  3:46  Probe x2  
  44  4:01  Robotics Facility  
  44  4:09  Probe  
  45  4:16  Probe  
  46  4:21  Dark Shrine, Probe  
  47  4:24  Assimilator  
  47  4:26  Assimilator  
  45  4:38  Probe x2  
  47  4:45  Pylon  
  47  4:50  Probe  
  47  4:51  Probe  
  47  5:00  Warp Prism (Chrono Boost)  
  47  5:03  Probe x2  
  47  5:07  Gateway  
  47  5:08  Gateway  
  47  5:13  Nexus  
  47  5:17  Stalker  
  47  5:18  Stalker x2  
  53  5:23  Pylon  
  54  5:28  Observer (Chrono Boost)  
  54  5:41  Probe x2  
  56  5:46  Gateway  
  56  5:47  Gateway  
  56  5:54  Dark Templar  
  56  5:55  Dark Templar x2  
  62  6:09  Probe x2  
  64  6:12  Dark Templar x2  
  68  6:24  Pylon  
  66  6:26  Pylon  
  62  6:45  Zealot x5  
  62  6:46  Zealot x2  
  76  7:05  Probe  
  77  7:10  Stargate  
  77  7:14  Stargate  
  77  7:16  Stalker x2  
  77  7:17  Stargate  
  82  7:25  Nexus  
Tags
 
Add a new tag
Caveats
  • Supply blocks, unpowered buildings, or Contaminate may cause inaccurate times.
  • Supply counts are checked every 10 seconds.